 Dungeon Crawl Stone Soup version 0.28-a0-823-gb444dcf96d (webtiles) character file.

Game seed: 15042767972453114290

4 jhdf the Sneak (level 1, -1/9 HPs)
             Began as a Spriggan Enchanter on Nov 10, 2021.
             Slain by a ball python (2 damage)
             ... on level 1 of the Dungeon.
             The game lasted 00:00:52 (263 turns).

jhdf the Sneak (Spriggan Enchanter)                  Turns: 263, Time: 00:00:52

Health: -1/9       AC:  2    Str:  4    XL:     1   Next: 50%
Magic:  5/5        EV: 14    Int: 16    God:
Gold:   0          SH:  0    Dex: 15    Spells: 5/5 levels left

rFire   . . .      SeeInvis +   a - +1 dagger
rCold   . . .      Faith    .   (shield restricted)
rNeg    . . .      Spirit   .   b - +0 robe
rPois   .          Reflect  .   (helmet restricted)
rElec   .          Harm     .   (no cloak)
rCorr   .          Rampage  .   (gloves unavailable)
Will    .....                   (boots unavailable)
Stlth   +++.......              (no amulet)
HPRegen 0.03/turn               (no ring)
MPRegen 0.09/turn               (no ring)

@: constricted, very quick
A: very small, no large weapons, unfitting armour, see invisible, speed 3
a: no special abilities


You were on level 1 of the Dungeon.
You visited 1 branch of the dungeon, and saw 1 of its levels.

Inventory:

Hand Weapons
 a - a +1 dagger (weapon)
Missiles
 e - 4 boomerangs (quivered)
Armour
 b - a +0 robe (worn)
Potions
 c - a potion of invisibility
 d - 2 potions of lignification {unknown}


   Skills:
 - Level 1.1 Short Blades
 - Level 2.6 Dodging
 - Level 4.4 Stealth
 + Level 2.9 Spellcasting
 + Level 3.8 Hexes


You had 5 spell levels left.
You didn't know any spells.
Your spell library contained the following spells:

 Spells                   Type           Power      Damage    Failure   Level
 Confusing Touch          Hex            14%        N/A       12%         3
 Tukima's Dance           Hex            14%        N/A       12%         3
 Ensorcelled Hibernation  Hex/Ice        16%        N/A       13%         2
 Dazzling Flash           Conj/Hex       16%        N/A       26%         3


Dungeon Overview and Level Annotations

Branches:
Dungeon (1/15)

Altars:


Innate Abilities, Weirdness & Mutations

You are very small and have problems with some larger weapons.
You are too small for most types of armour.
You have supernaturally acute eyesight. (SInv)
You cover ground extremely quickly. (Speed+++)


Message History

No target in view!
No target in view!
You start waiting.
Done waiting.
You see here a ball python corpse.
A giant cockroach and a goblin come into view.
Found a ring mail and a scroll labelled SENEMOQ XEYR.
The helpless giant cockroach fails to defend itself.
You puncture the giant cockroach!
You kill the giant cockroach!
The ball python hisses angrily.
There are no items here.
Unknown command.
Unknown command.
You see here a scroll labelled SENEMOQ XEYR.
f - a scroll labelled SENEMOQ XEYR
Okay, then.
Unknown command.
Blink to where?
Press: ? - help, Dir - move target
As you read the scroll labelled SENEMOQ XEYR, it crumbles to dust.
It was a scroll of blinking.
You hit the goblin.
The goblin is almost dead.
The goblin hits you but does no damage.
You barely miss the goblin.
The goblin is almost dead.
The ball python completely misses you. The ball python misses you.
The goblin completely misses you.
You hit the goblin but do no damage.
The goblin is almost dead.
The ball python completely misses you. The ball python misses you.
The goblin misses you. The ball python bites you. The ball python grabs you.
The ball python constricts you.
You hit the ball python.
The ball python is severely wounded.
The goblin hits you with a +0 dagger.
* * * LOW HITPOINT WARNING * * *
The ball python bites you.
You die...

.....# ..# +..<..'
.......#..# #.....#
..........# #.....#
........#.# ###+###
........#.## ##≈.≈##
........#..#############
..........†....##.......
......g#S......#........
.....(.@.#######........
.[......>...#####.......
........##...##.########
........####..†.......#.
........# #######......
.......## ######.
......# #. ###### #. #.


You could see a goblin and a ball python.

Vanquished Creatures
  A giant cockroach (D:1)
  2 ball pythons (D:1)
  2 rats (D:1)
5 creatures vanquished.

Notes
Turn   | Place    | Note
-------+----------+-------------------------------------------
     0 | D:1      | jhdf the Spriggan Enchanter began the quest for the Orb.
     0 | D:1      | Reached XP level 1. HP: 9/9 MP: 5/5
   263 | D:1      | Slain by a ball python

Illustrated notes

Levels and vault maps discovered:
D:1:      shiori_arrival_elements, layout_rooms

Action                   || total
-------------------------++-------
Melee: Dagger            ||    17
  Use: Scroll            ||     1
 Stab: Sleeping          ||     1
Armor: Robe              ||     2
Dodge: Dodged            ||    17

Table legend: (Time is in decaauts)
 A = Elapsed time spent in this place.
 B = Non-inter-level travel time spent in this place.
 C = Inter-level travel time spent in this place.
 D = Time resting spent in this place.
 E = Time spent auto-exploring this place.
 F = Levels seen in this place.
 G = Mean time per level.
                   A        B        C        D        E       F      G
               +--------+--------+--------+--------+--------+-----+--------+
         Total |    224 |    224 |      0 |    144 |     12 |   1 |  224.0 |
       Dungeon |    224 |    224 |      0 |    144 |     12 |   1 |  224.0 |
               +--------+--------+--------+--------+--------+-----+--------+

Top non-repeatable levels by time:
     D:1: 224 daAuts
